 Dungeon Crawl Stone Soup version 0.30.1 (webtiles) character file.

Game seed: 4380567147113835026

2023 cdecastro the Fighter (level 9, -1/77 (89) HPs)
             Began as a Minotaur Hunter on July 2, 2023.
             Was an Initiate of Gozag.
             Slain by a wight
             ... wielding a +2 halberd
              (12 damage)
             ... on level 8 of the Dungeon on July 3, 2023.
             The game lasted 00:14:06 (6967 turns).

cdecastro the Fighter (Minotaur Hunter)             Turns: 6967, Time: 00:14:07

HP:   -1/77 (89)    AC:  4    Str: 23    XL:     9   Next: 3%
MP:   8/8           EV: 13    Int:  6    God:    Gozag
Gold: 663           SH:  5    Dex: 17    Spells: 8/8 levels left

rFire   . . .        a - +0 shortbow
rCold   . . .        (shield currently unavailable)
rNeg    . . .        I - +0 leather armour of Lesser Demons {Slay+3}
rPois   .            (helmet restricted)
rElec   .            (no cloak)
rCorr   .            (no gloves)
SInv    .            D - +0 pair of boots
Will    .....        c - amulet of reflection
Stlth   ++           d - +6 ring of strength
HPRegen 0.32/turn    (no ring)
MPRegen 0.11/turn

%: reflection
@: gold aura, heavily drained
A: horns 2, retaliatory headbutt
a: Renounce Religion, Potion Petition, Call Merchant, Bribe Branch


You were on level 8 of the Dungeon.
You worshipped Gozag.
Gozag was pleased with you.
You visited 2 branches of the dungeon, and saw 9 of its levels.
You also visited: Sewer and Ossuary.

You collected 778 gold pieces.
You paid 115 gold pieces to Gozag.

Inventory:

Hand Weapons
 a - a +0 shortbow (weapon)
 m - a +0 dagger of holy wrath
 K - a +5 flail
Missiles
 F - 20 poisoned darts
Armour
 D - a +0 pair of boots (worn)
 I - the +0 leather armour of Lesser Demons (worn) {Slay+3}
   (You found it on level 7 of the Dungeon)

   Slay:      It affects your accuracy & damage with ranged weapons and melee
   (+3).
 J - a +3 ring mail
Jewellery
 c - an amulet of reflection (around neck)
 d - a +6 ring of strength (left hand)
 e - an amulet of regeneration
 L - a ring of flight
Wands
 x - a wand of paralysis (16)
 C - a wand of polymorph (8)
Scrolls
 b - 2 scrolls of immolation
 g - a scroll of brand weapon {unknown}
 k - 3 scrolls of poison {unknown}
 l - 2 scrolls of magic mapping {unknown}
 p - a scroll of noise {unknown}
 q - a scroll of amnesia {unknown}
 r - 2 scrolls of torment
 s - 2 scrolls of fear
 u - a scroll of enchant weapon {unknown}
 v - a scroll of enchant armour {unknown}
 w - 3 scrolls of fog {unknown}
 y - 4 scrolls of teleportation {unknown}
 G - a scroll of blinking {unknown}
Potions
 f - 5 potions of curing
 h - 4 potions of brilliance
 i - 3 potions of resistance
 j - 2 potions of lignification
 n - 4 potions of haste
 o - 5 potions of might
 t - 4 potions of mutation
 z - a potion of attraction
 A - 2 potions of invisibility
 B - a potion of magic {unknown}
 E - a potion of flight {unknown}
 H - a potion of cancellation {unknown}
 M - a potion of heal wounds {unknown}


   Skills:
 - Level 11.4 Fighting
 + Level 8.7 Ranged Weapons
 * Level 3.2 Dodging
 - Level 0.7 Stealth


You had 8 spell levels left.
You didn't know any spells.
Your spell library contained the following spells:

 Spells                   Type           Power      Damage    Failure   Level
 Sting                    Tmut/Pois      0%         1d3       50%         1
 Ensorcelled Hibernation  Hex/Ice        0%         N/A       65%         2
 Poisonous Vapours        Pois/Air       0%         N/A       65%         2
 Sublimation of Blood     Necr           0%         N/A       65%         2
 Call Canine Familiar     Summ           0%         N/A       86%         3
 Portal Projectile        Hex/Tloc       0%         N/A       86%         3
 Spider Form              Tmut/Pois      0%         N/A       86%         3
 Anguish                  Hex/Necr       0%         N/A       99%         4
 Leda's Liquefaction      Hex/Erth       0%         N/A       99%         4
 Olgreb's Toxic Radiance  Pois           0%         N/A       99%         4
 Petrify                  Tmut/Erth      0%         N/A       99%         4
 Irradiate                Conj/Tmut      0%         3d11      100%        5


Dungeon Overview and Level Annotations

Branches:
Dungeon (8/15)             Temple (1/1) D:6           Sewer (visited)
Ossuary (visited)
   Lair: D:8-11

Altars:
Ashenzari
Cheibriados
Dithmenos
Elyvilon
Fedhas
Gozag
Kikubaaqudgha
Makhleb
Nemelex Xobeh
Okawaru
Qazlal
Ru
Sif Muna
Vehumet
Wu Jian
Yredelemnul
Zin

Shops:
D:3 =

Annotations:
D:5 2 ogres
D:6 vault need dig


Innate Abilities, Weirdness & Mutations

You have a pair of horns on your head.
You reflexively headbutt those who attack you in melee.


Message History

You shoot an arrow. The arrow closely misses the wight.
The arrow barely misses the wight.
You block the wight's attack.
The wight hits you from afar with a +2 halberd!
* * * LOW HITPOINT WARNING * * *
You feel drained.
* * * LOW HITPOINT WARNING * * *
You shoot an arrow. The arrow barely misses the wight.
The arrow hits the wight but does no damage.
The wight is lightly damaged.
The wight misses you. The wight closely misses you.
You shoot an arrow. The arrow hits the wight.
The wight is severely damaged.
The wight hits you with a +0 long sword!
* * * LOW HITPOINT WARNING * * *
You feel drained.
* * * LOW HITPOINT WARNING * * *
The wight closely misses you.
You shoot an arrow. The arrow hits the wight!
You destroy the wight!
The wight misses you.
Your Dodging skill increases to level 3!
The wight barely misses you.
Things that are here:
7 gold pieces; a +0 long sword; a +0 robe Unknown command.
You shoot an arrow.
The arrow hits the wight but does no damage.
The wight is lightly damaged.
The wight hits you with a +2 halberd!
* * * LOW HITPOINT WARNING * * *
You feel drained.
* * * LOW HITPOINT WARNING * * *
You shoot an arrow. The arrow closely misses the wight.
The wight closely misses you. x2; You furiously retaliate!
You headbutt the wight!
Unknown command.
You shoot an arrow. The arrow closely misses the wight.
The wight hits you with a +2 halberd!
You die...
Your body crumbles into a pile of gold.

#....# ###
#....#
#....#
#....# .#
#....#####.#
#....'...#.#
#....###.#.#
###'#..#.#z#
#.#..#@#.#
#.#..#z#$#
#.#..#...#
#.#..#####
#.#... $
#.....
####..#


You could see a wight.

Vanquished Creatures
  An orc warrior (D:7)
  An ice beast (D:7)
  A sky beast (D:7)
  A phantom (D:6)
  2 bullfrogs
  A kobold brigand (D:8)
  2 elf zombies (Ossuary)
  A scorpion (D:4)
  6 wights
  A killer bee (D:7)
  2 centaur zombies (Ossuary)
  2 hounds
  2 jellies
  3 orc priests
  A sleepcap (D:4)
  2 iguanas
  6 orc wizards
  A hound zombie (Ossuary)
  3 mummies (Ossuary)
  Robin (D:2)
  7 adders
  5 river rats
  2 shadow imps
  3 white imps
  2 ufetubi (D:4)
  9 adder zombies (Ossuary)
  2 worms
  A dart slug (D:2)
  24 orcs
  12 ball pythons
  2 bats
  9 endoplasms
  5 giant cockroaches
  2 gnoll zombies (Ossuary)
  16 goblins
  11 hobgoblins
  4 jackals (D:2)
  8 quokkas
  3 frilled lizards
  A goblin zombie (Ossuary)
  3 hobgoblin zombies (Ossuary)
  6 jackal zombies (Ossuary)
  27 kobolds
  5 kobold zombies (Ossuary)
  2 orc zombies (Ossuary)
  2 quokka zombies (Ossuary)
  8 rats
  A rat zombie (Ossuary)
  A butterfly (D:5)
223 creatures vanquished.

Notes
Turn   | Place    | Note
-------+----------+-------------------------------------------
     0 | D:1      | cdecastro the Minotaur Hunter began the quest for the Orb.
     0 | D:1      | Reached XP level 1. HP: 18/18 MP: 0/0
   172 | D:1      | Reached skill level 3 in Fighting
   185 | D:1      | Reached XP level 2. HP: 26/26 MP: 1/1
   558 | D:1      | Reached XP level 3. HP: 33/33 MP: 2/2
  1046 | D:2      | Reached skill level 4 in Fighting
  1139 | D:2      | Reached skill level 5 in Ranged Weapons
  1222 | D:2      | Reached XP level 4. HP: 31/41 MP: 3/3
  1352 | D:2      | Identified the +2 helmet of Kindness {rPois Int+3 Stlth+}
  1352 | D:2      | Noticed Robin
  1388 | D:2      | Killed Robin
  1518 | D:2      | Found a stormy altar of Qazlal.
  1567 | D:2      | Reached skill level 5 in Fighting
  1902 | D:3      | Found a glowing drain.
  1915 | Sewer    | Entered a sewer
  2049 | Sewer    | Reached XP level 5. HP: 45/48 MP: 4/4
  2179 | D:3      | Found Hanetuez's Jewellery Boutique.
  2971 | D:4      | Found a sand-covered staircase.
  2980 | Ossuary  | Entered an ossuary
  3066 | Ossuary  | Reached skill level 6 in Fighting
  3085 | Ossuary  | Reached XP level 6. HP: 52/58 MP: 5/5
  3366 | Ossuary  | Reached skill level 7 in Fighting
  3593 | D:4      | Reached XP level 7. HP: 55/67 MP: 6/6
  3948 | D:4      | Found a sacrificial altar of Ru.
  3957 | D:4      | Found a stormy altar of Qazlal.
  4280 | D:5      | Entered Level 5 of the Dungeon
  4320 | D:4      | Reached skill level 8 in Fighting
  4644 | D:6      | Found a staircase to the Ecumenical Temple.
  4672 | Temple   | Entered the Ecumenical Temple
  4709 | Temple   | Became a worshipper of Gozag Ym Sagoz the Greedy
  4887 | D:6      | Found a glowing silver altar of Zin.
  5007 | D:6      | Reached skill level 9 in Fighting
  5619 | D:6      | Reached XP level 8. HP: 53/78 MP: 7/7
  5798 | D:7      | Reached skill level 10 in Fighting
  6054 | D:7      | Reached skill level 11 in Fighting
  6208 | D:7      | Found an ornate altar of the Wu Jian Council.
  6212 | D:7      | Identified the +0 leather armour of Lesser Demons {Slay+3}
  6689 | D:8      | Found a blossoming altar of Fedhas.
  6792 | D:8      | Found a snail-covered altar of Cheibriados.
  6951 | D:8      | Reached XP level 9. HP: 89/89 MP: 8/8
  6967 | D:8      | Slain by a wight

Illustrated notes

Levels and vault maps discovered:
D:1:      dpeg_arrival_round_a, layout_loops_ring,
          chequers_serial_rivers_room_b, chequers_serial_rivers_micro_a,
          amethyst_killhole
D:2:      layout_basic, basic_altar, chequers_garden, uniq_robin
D:3:      minmay_door_path, layout_loops_corners, serial_shops,
          nicolae_shop_back_alley_shop, portal_sewer_entry_a, item_on_display_a
D:4:      layout_cave_pods, mainiacjoe_overflow_swirl,
          nicolae_ossuary_entry_ruins
D:5:      minmay_skewed_foursquare, layout_basic, xom_butterflies,
          gammafunk_temple_overflow_statue
D:6:      layout_basic, zin_scriptorium, minmay_temple_entry_statues_pillars
D:7:      wad_woods_stonehenge, layout_rooms
D:8:      layout_basic, eat_drink_and_be_merry_uskayaw, fedhas_altar_1,
          slow_altar_1, uniq_joseph, uniq_pikel, uniq_psyche
Temple:   grunt_temple_mini_profane

Skill      XL: |  1  2  3  4  5  6  7  8  9 |
---------------+----------------------------+-----
Fighting       | 3 4 5 6 7 9 11 | 11.4
Ranged Weapons | 5 6 7 8 |  8.7
Dodging        | 3 |  3.2
Stealth        | |  0.7

Action                     |  1- 3 |  4- 6 |  7- 9 || total
---------------------------+-------+-------+-------++-------
  Melee: Dagger            |       |       |     9 ||     9
         Shortbow          |       |       |     2 ||     2
         Headbutt          |       |       |     1 ||     1
   Fire: Shortbow          |    90 |   326 |   334 ||   750
    Use: Scroll            |       |    10 |     2 ||    12
 Armour: Leather armour    |     9 |    58 |    20 ||    87
  Dodge: Dodged            |    26 |   132 |    70 ||   228
  Block: Other             |       |       |     2 ||     2
         Reflection        |       |       |     1 ||     1
